 Dungeon Crawl Stone Soup version 0.30-a0-458-g86641cc369 (webtiles) character file.

Game seed: 9529940063668538770

641 p00ps00p the Trooper (level 7, 0/62 HPs)
             Began as a Hill Orc Fighter on Dec 14, 2022.
             Slain by a gnoll sergeant
             ... wielding a +0 spear
              (11 damage)
             ... on level 5 of the Dungeon.
             The game lasted 00:07:10 (4262 turns).

p00ps00p the Trooper (Hill Orc Fighter)             Turns: 4262, Time: 00:07:11

Health: 0/62       AC: 11    Str: 21    XL:     7   Next: 51%
Magic:  7/7        EV:  7    Int:  8    God:
Gold:   234        SH:  6    Dex: 10    Spells: 6/6 levels left

rFire   . . .      SeeInvis .    a - +0 war axe
rCold   . . .      Faith    .    c - +1 buckler
rNeg    . . .      Spirit   .    t - +0 chain mail
rPois   .          Reflect  .    (no helmet)
rElec   .          Harm     .    (no cloak)
rCorr   .          Rampage  .    l - +0 pair of gloves
Will    .....                    (no boots)
Stlth   ..........               e - amulet of magic regeneration
HPRegen 0.30/turn                (no ring)
MPRegen 0.50/turn                (no ring)

@: no status effects
A: no striking features
a: no special abilities


You were on level 5 of the Dungeon.
You visited 1 branch of the dungeon, and saw 7 of its levels.

You collected 234 gold pieces.

Inventory:

Hand Weapons
 a - a +0 war axe (weapon)
Missiles
 p - 17 poisoned darts (quivered)
Armour
 c - a +1 buckler (worn)
 l - a +0 pair of gloves (worn)
 t - a +0 chain mail (worn)
Jewellery
 e - an amulet of magic regeneration (around neck)
 i - a ring of wizardry
Scrolls
 o - 3 scrolls of fog
Potions
 f - 2 potions of magic {unknown}
 h - a potion of lignification
 j - 3 potions of berserk rage
 k - 4 potions of mutation
 m - a potion of heal wounds {unknown}
 n - 2 potions of attraction {unknown}
 q - a potion of haste {unknown}
 r - a potion of cancellation {unknown}


   Skills:
 + Level 5.9 Fighting
 + Level 5.7 Axes
 + Level 5.4 Armour
 + Level 5.4 Shields


You had 6 spell levels left.
You didn't know any spells.
Your spell library contained the following spells:

 Spells                   Type           Power      Damage    Failure   Level
 Beastly Appendage        Tmut           0%         N/A       99%         1
 Shock                    Conj/Air       0%         1d3       99%         1
 Cigotuvi's Dreadful Rot  Necr/Pois/Air  0%         N/A       100%        2
 Poisonous Vapours        Pois/Air       0%         N/A       100%        2
 Wereblood                Tmut           0%         N/A       100%        2
 Mephitic Cloud           Conj/Pois/Air  0%         N/A       100%        3
 Spider Form              Tmut/Pois      0%         N/A       100%        3
 Vhi's Electric Charge    Tloc/Air       0%         N/A       100%        3
 Olgreb's Toxic Radiance  Pois           0%         N/A       100%        4
 Arcjolt                  Conj/Air       0%         1d10      100%        5
 Freezing Cloud           Conj/Ice/Air   0%         6-21      100%        5
 Simulacrum               Ice/Necr       0%         N/A       100%        6
 Ozocubu's Refrigeration  Ice            0%         4d7       100%        7
 Ignition                 Fire           0%         3d3       100%        8
 Maxwell's Capacitive Co  Air            0%         ∞         100%        8
 Polar Vortex             Ice            0%         N/A       100%        9


Dungeon Overview and Level Annotations

Branches:
Dungeon (7/15)
 Temple: D:4-7

Altars:
Dithmenos
Xom


Message History

The gnoll sergeant hits you from afar with a +0 spear.
* * * LOW HITPOINT WARNING * * *
The gnoll sergeant completely misses you.
The gnoll sergeant hits you but does no damage.
You block the gnoll sergeant's attack.
The gnoll sergeant hits you from afar with a +0 spear.
* * * LOW HITPOINT WARNING * * *
The gnoll sergeant hits you from afar with a +0 spear!
* * * LOW HITPOINT WARNING * * *
Your transformation is almost over.
You block the gnoll sergeant's attack.
The gnoll sergeant hits you from afar with a +0 spear.
* * * LOW HITPOINT WARNING * * *
The gnoll sergeant hits you but does no damage.
You feel better. You block the gnoll sergeant's attack.
You feel better.
The gnoll sergeant hits you but does no damage.
The gnoll sergeant hits you but does no damage.
The gnoll sergeant hits you but does no damage.
The gnoll sergeant hits you but does no damage.
You feel less wooden.
Your +0 pair of gloves unmelds from your body.
Your +0 chain mail unmelds from your body.
The gnoll sergeant hits you but does no damage.
The gnoll sergeant hits you with a +0 spear.
* * * LOW HITPOINT WARNING * * *
Things that are here:
a +0 flail; a gnoll corpse Unknown command.
You slash the gnoll sergeant!
The gnoll sergeant is moderately wounded.
The gnoll sergeant hits you but does no damage.
You hit the gnoll sergeant but do no damage.
The gnoll sergeant is moderately wounded.
The gnoll sergeant hits you with a +0 spear.
* * * LOW HITPOINT WARNING * * *
You barely miss the gnoll sergeant.
The gnoll sergeant is moderately wounded.
The gnoll sergeant hits you with a +0 spear!
You die...

...
#...)......#..#...#.
##.
###...............##
# #........#...#..#
##.......########
##..§...# ###.§..###
#...§.## #.#.###
#@### #g# .g# ####


You could see a gnoll sergeant and a gnoll.

Vanquished Creatures
  A black bear (D:5)
  2 necrophages
  A bullfrog (D:7)
  3 iguanas
  3 orc wizards (D:3)
  6 gnolls
  9 adders
  An ufetubus (D:6)
  3 dart slugs
  A worm (D:3)
  6 orcs
  9 ball pythons
  8 endoplasms
  3 giant cockroaches
  6 goblins
  2 hobgoblins
  2 quokkas
  2 bats
  3 frilled lizards
  6 kobolds
  2 rats (D:3)
79 creatures vanquished.

Vanquished Creatures (others)
  2 fungi (D:2)
  4 plants (D:2)
6 creatures vanquished.

Grand Total: 85 creatures vanquished

Notes
Turn   | Place    | Note
-------+----------+-------------------------------------------
     0 | D:1      | p00ps00p the Hill Orc Fighter began the quest for the Orb.
     0 | D:1      | Reached XP level 1. HP: 19/19 MP: 1/1
   106 | D:1      | Reached XP level 2. HP: 27/27 MP: 2/2
   612 | D:1      | Reached XP level 3. HP: 33/33 MP: 3/3
   711 | D:2      | Found a faded altar of an unknown god.
   730 | D:2      | Got Plato's Writings on the Birds
  1229 | D:2      | Reached XP level 4. HP: 31/40 MP: 4/4
  1827 | D:3      | Identified the +1 chain mail of Quantum Leap {Rampage +Inv
                  | Str+2}
  1874 | D:3      | Reached XP level 5. HP: 14/47 MP: 5/5
  2475 | D:4      | You fall into a shaft and drop 3 floors!
  2490 | D:7      | Reached skill level 5 in Fighting
  2490 | D:7      | Reached XP level 6. HP: 51/56 MP: 6/6
  2586 | D:6      | Noticed an ice beast
  2734 | D:5      | Entered Level 5 of the Dungeon
  2849 | D:4      | Reached skill level 5 in Axes
  2918 | D:4      | Found a shadowy altar of Dithmenos.
  2963 | D:4      | Reached skill level 5 in Armour
  2963 | D:4      | Reached skill level 5 in Shields
  2968 | D:4      | Reached XP level 7. HP: 12/61 MP: 7/7
  3472 | D:4      | Found a shimmering altar of Xom.
  4262 | D:5      | Slain by a gnoll sergeant

Illustrated notes

Levels and vault maps discovered:
D:1:      tarquinn_simple_flora_water_f, layout_loops_ring, minmay_pentomino_t4
D:2:      layout_loops_ring, shapermc_ecumenical_altar_rom_forum, serial_rivers,
          chequers_serial_rivers_large_b, chequers_serial_rivers_micro_e,
          chequers_serial_rivers_small_b, chequers_serial_rivers_marsh,
          chequers_serial_rivers_small_b
D:3:      layout_loops_ring
D:4:      layout_rooms, mainiacjoe_overflow_six_doors_small, tgw_xom,
          kennysheep_generic_room_2
D:5:      lemuel_insect_pit, layout_cave_pools, serial_gnoll_camp,
          gnoll_camp_mini_basic, gnoll_camp_mini_basic, gnoll_camp_mini_hut,
          gnoll_camp_mini_hut, gnoll_camp_mini_doghouse,
          uniq_crazy_yiuf_cottage, uniq_menkaure
D:6:      kennysheep_kobold_camp, layout_loops_corners,
          nicolae_hepliaklqana_monster_ancestors, nicolae_overflow_crystal_walls
D:7:      layout_loops_corners, grunt_temple_overflow_open,
          minmay_temple_entry_glass

Skill      XL: |  1  2  3  4  5  6 |
---------------+-------------------+-----
Axes           | 3 4 5 |  5.7
Fighting       | 4 5 |  5.9
Armour         | 4 5 |  5.4
Shields        | 4 5 |  5.4

Action                   |  1- 3 |  4- 6 |  7- 9 || total
-------------------------+-------+-------+-------++-------
Melee: War axe           |   105 |   173 |    36 ||   314
  Use: Scroll            |       |     8 |     2 ||    10
       Potion            |       |       |     7 ||     7
Armor: Scale mail        |    53 |    84 |     1 ||   138
       Chain mail        |       |       |    48 ||    48
       Skin              |       |       |    25 ||    25
Dodge: Dodged            |    48 |    71 |    28 ||   147
Block: Buckler           |    26 |    44 |    30 ||   100

Table legend: (Time is in decaauts)
 A = Elapsed time spent in this place.
 B = Non-inter-level travel time spent in this place.
 C = Inter-level travel time spent in this place.
 D = Time resting spent in this place.
 E = Time spent auto-exploring this place.
 F = Levels seen in this place.
 G = Mean time per level.
                   A        B        C        D        E       F      G
               +--------+--------+--------+--------+--------+-----+--------+
         Total |   4401 |   4269 |    132 |    826 |   2560 |   7 |  628.7 |
       Dungeon |   4401 |   4269 |    132 |    826 |   2560 |   7 |  628.7 |
               +--------+--------+--------+--------+--------+-----+--------+

Top non-repeatable levels by time:
     D:3: 880 daAuts
     D:2: 879 daAuts
     D:4: 868 daAuts
     D:5: 786 daAuts
     D:1: 719 daAuts
     D:6: 242 daAuts
     D:7: 24 daAuts
